 Dungeon Crawl Stone Soup version 0.22-a0-136-g83a10e5 (webtiles) character file.

948 Lathuz the Conjurer (level 7, -1/36 HPs)
             Began as a Deep Elf Fire Elementalist on Feb 3, 2018.
             Shot with an arrow by a centaur (10 damage)
             ... on level 6 of the Dungeon.
             The game lasted 00:18:07 (8309 turns).

Lathuz the Conjurer (Deep Elf Fire Elementalist)    Turns: 8309, Time: 00:18:08

Health: -1/36      AC:  4    Str:  5    XL:     7   Next: 89%
Magic:  10/18      EV: 13    Int: 24    God:
Gold:   318        SH:  0    Dex: 15    Spells: 4/19 levels left

rFire    . . .     SeeInvis .   x - +0 short sword (elec)
rCold    . . .     Gourm    .   (no shield)
rNeg     . . .     Faith    .   a - +0 robe
rPois    .         Spirit   .   (no helmet)
rElec    .         Reflect  .   (no cloak)
rCorr    .         Harm     .   t - +0 pair of gloves
MR       .....                  d - +0 pair of boots
Stlth    ++........             (no amulet)
HPRegen  0.12/turn              w - +2 ring of intelligence
MPRegen  0.16/turn              (no ring)

@: no status effects
A: no striking features
a: no special abilities


You were on level 6 of the Dungeon.
You were not hungry.

You visited 1 branch of the dungeon, and saw 6 of its levels.
You also visited: Sewer.

You collected 318 gold pieces.

Inventory:

Hand Weapons
 x - a +0 short sword of electrocution (weapon)
Missiles
 q - 228 stones (quivered)
Armour
 a - a +0 robe (worn)
 d - a +0 pair of boots (worn)
 t - a +0 pair of gloves (worn)
 B - a +0 pair of boots
Jewellery
 m - a +3 ring of strength {unknown}
 w - a +2 ring of intelligence (left hand)
Wands
 G - a wand of random effects (20)
Scrolls
 e - a scroll of magic mapping {unknown}
 f - 3 scrolls of teleportation
 g - 2 scrolls of fear {unknown}
 i - 3 scrolls of amnesia
 j - a scroll of immolation {unknown}
 n - a scroll of enchant weapon {unknown}
 r - a scroll of fog {unknown}
 u - 3 scrolls of remove curse
 E - 2 scrolls of identify
Potions
 h - 4 potions of haste {unknown}
 k - 3 potions of lignification
 l - a potion of invisibility {unknown}
 o - 6 potions of might {unknown}
 p - a potion of curing
 v - a potion of cancellation
 z - a potion of berserk rage {unknown}
 A - 2 potions of agility {unknown}
 C - 5 potions of heal wounds {unknown}
 D - 4 potions of flight {unknown}
 F - a potion of brilliance {unknown}
 I - a potion of mutation {unknown}
Books
 b - a book of Flames

   Spells                             Type                      Level
   a - Flame Tongue                   Conjuration/Fire             1
   b - Throw Flame                    Conjuration/Fire             2
   c - Conjure Flame                  Conjuration/Fire             3
   d - Inner Flame                    Hexes/Fire                   3
   e - Sticky Flame                   Conjuration/Fire             4
   f - Fireball                       Conjuration/Fire             5
 s - a book of Geomancy

   Spells                             Type                      Level
   a - Sandblast                      Earth                        1
   b - Passwall                       Transmutation/Earth          2
   c - Stone Arrow                    Conjuration/Earth            3
   d - Petrify                        Transmutation/Earth          4
   e - Lee's Rapid Deconstruction     Earth                        5
 y - a book of Necromancy

   Spells                             Type                      Level
   a - Pain                           Necromancy                   1
   b - Animate Skeleton               Necromancy                   1
   c - Vampiric Draining              Necromancy                   3
   d - Regeneration                   Charms/Necromancy            3
   e - Animate Dead                   Necromancy                   4
Comestibles
 c - 14 rations
 H - 3 chunks of flesh


   Skills:
 - Level 2.4 Dodging
 - Level 2.4 Stealth
 + Level 6.5 Spellcasting
 * Level 7.1 Conjurations
 + Level 5.9 Fire Magic


You had 4 spell levels left.
You knew the following spells:

 Your Spells              Type           Power        Failure   Level  Hunger
a - Flame Tongue          Conj/Fire      #####        1%          1    None
b - Throw Flame           Conj/Fire      #####.       1%          2    None
c - Conjure Flame         Conj/Fire      #####...     1%          3    None
d - Sticky Flame          Conj/Fire      #####...     4%          4    ###....
e - Fireball              Conj/Fire      #####.....   14%         5    #####..


Dungeon Overview and Level Annotations

Branches:
Dungeon (6/15)
 Temple: D:4-7

Altars:
Ashenzari
Elyvilon
Fedhas
Gozag
Hepliaklqana


Message History

The flame tongue hits the worker ant.
The worker ant is heavily wounded.
The centaur shoots an arrow.
The arrow hits you!
The centaur shoots an arrow.
The arrow hits you. The worker ant bites you.
* * * LOW HITPOINT WARNING * * *
The centaur shoots an arrow.
The arrow misses you.
You see here 2 arrows.
The worker ant waves its antennae.
The worker ant bites you but does no damage.
Casting: Flame Tongue (safe; 1% risk of failure)
Confirm with . or Enter, or press ? or * to list all spells.
Aiming: Sticky Flame (safe; 4% risk of failure)
Press: ? - help, Shift-Dir - straight line, f/p - worker ant
Aim: a worker ant (heavily wounded)
The sticky flame hits the worker ant.
The worker ant appears unharmed.
The worker ant is heavily wounded.
The worker ant is covered in liquid flames!
The worker ant burns!
The worker ant misses you.
The centaur shoots an arrow.
The arrow hits you!
You die...

........# ##+####
........#
........#
....)...##
.#####...# #
#...########.#
#...##........
#...##.......#
.###...##@......#
........((a.######
...............#
...............#
...c...........#
##.###.###.....#
#. .. ........ #
##. #.###### .. .#


You could see a centaur and a worker ant (burning).

Vanquished Creatures
  A water moccasin (D:6)
  An ogre (D:6)
  A phantom (D:4)
  A big kobold (Sewer)
  2 scorpions (D:5)
  A bullfrog skeleton (D:4)
  A hound (D:4)
  A jelly (D:2)
  An orc wizard (D:6)
  An iguana (D:5)
  2 worker ants
  A hound skeleton (D:5)
  Robin (D:2)
  3 gnolls (D:5)
  A river rat (D:5)
  2 adders
  11 oozes
  2 adder skeletons (D:5)
  2 dart slugs (D:2)
  3 leopard geckos
  29 orcs
  11 bats
  4 giant cockroaches
  13 goblins
  4 hobgoblins
  6 jackals
  27 kobolds
  A quokka (D:3)
  6 ball pythons
  13 frilled lizards
  A leopard gecko skeleton (D:5)
  A leopard gecko zombie (D:5)
  A quokka zombie (D:5)
  14 rats
170 creatures vanquished.

Vanquished Creatures (others)
  6 toadstools (D:2)
6 creatures vanquished.

Grand Total: 176 creatures vanquished

Notes
Turn   | Place    | Note
-------+----------+-------------------------------------------
     0 | D:1      | Lathuz the Deep Elf Fire Elementalist began the quest for the Orb.
     0 | D:1      | Reached XP level 1. HP: 10/10 MP: 6/6
   457 | D:1      | Reached XP level 2. HP: 15/15 MP: 6/8
   488 | D:1      | Learned a level 2 spell: Throw Flame
   529 | D:1      | Reached skill level 2 in Conjurations
  1290 | D:2      | Noticed Robin
  1296 | D:1      | Reached XP level 3. HP: 19/19 MP: 5/10
  1452 | D:2      | Killed Robin
  1661 | D:2      | Learned a level 3 spell: Conjure Flame
  1771 | D:2      | Reached skill level 3 in Conjurations
  2094 | D:2      | Reached XP level 4. HP: 24/24 MP: 8/11
  2123 | D:2      | Learned a level 4 spell: Sticky Flame
  2257 | D:2      | Found a shattered altar of Ashenzari.
  2627 | D:2      | Reached XP level 5. HP: 26/28 MP: 10/13
  2773 | D:2      | Reached skill level 4 in Conjurations
  5046 | D:4      | Found an opulent altar of Gozag.
  5083 | D:4      | Found a blossoming altar of Fedhas.
  5199 | D:4      | Reached skill level 5 in Spellcasting
  5199 | D:4      | Reached XP level 6. HP: 32/32 MP: 9/15
  5244 | D:4      | Learned a level 5 spell: Fireball
  5247 | D:4      | Found an opulent altar of Gozag.
  5457 | D:4      | Reached skill level 5 in Conjurations
  5724 | D:5      | Entered Level 5 of the Dungeon
  5795 | D:5      | Found a glowing drain.
  5811 | Sewer    | Entered a sewer
  5849 | Sewer    | Reached skill level 5 in Fire Magic
  6545 | D:5      | Found a white marble altar of Elyvilon.
  6631 | D:5      | Found a hazy altar of Hepliaklqana.
  6826 | D:5      | Reached XP level 7. HP: 36/36 MP: 12/17
  7031 | D:5      | Reached skill level 6 in Conjurations
  8214 | D:6      | Reached skill level 7 in Conjurations
  8309 | D:6      | Shot with an arrow by a centaur

Vault maps used:
D:1:      dpeg_arrival_windows_large_door, due_unseen_surprise
D:2:      cheibrodos_fertilizer, overflow_temple_1_default,
          minmay_misc_feat_cross, uniq_robin
D:3:      minmay_misc_feat_doors
D:4:      gammafunk_temple_overflow_pools, first_ration, grunt_gozag_breadcrumbs
D:5:      nicolae_overflow_crystal_walls, portal_sewer_entry_b, basic_altar,
          supply_closet_lemuel, kennysheep_minor_cross
D:6:      overflow_temple_1_default, hangedman_decor_opposing
Sewer:    kennysheep_pipe_town

Skill      XL: |  1  2  3  4  5  6  7 |
---------------+----------------------+-----
Conjurations   | 2 3 4 5 7 |  7.1
Spellcasting   | 4 5 6 |  6.5
Fire Magic     | 4 5 |  5.9
Dodging        | |  2.4
Stealth        | |  2.4

Action                   |  1- 3 |  4- 6 |  7- 9 || total
-------------------------+-------+-------+-------++-------
Melee: Unarmed           |    12 |       |       ||    12
       Whip              |     1 |     5 |       ||     6
       Short sword       |       |     9 |       ||     9
 Cast: Flame Tongue      |    42 |    92 |    53 ||   187
       Throw Flame       |    27 |    67 |    13 ||   107
       Conjure Flame     |     1 |     3 |     2 ||     6
       Sticky Flame      |       |     5 |     7 ||    12
       Fireball          |       |     2 |     1 ||     3
  Use: Scroll            |       |     8 |       ||     8
       Potion            |       |     2 |       ||     2
 Stab: Sleeping          |     1 |       |       ||     1
  Eat: Chunk             |     4 |    13 |     6 ||    23
       Ration            |       |     1 |       ||     1
Armor: Robe              |     7 |     4 |     7 ||    18
Dodge: Dodged            |    27 |    34 |     9 ||    70

Table legend:
 A = Spawn XP
 B = Non-spawn XP
 C = Spawn XP percentage of total XP
 D = Spawn monster count
 E = Non-spawn monster count
 F = Spawn count percentage of total count
 G = Total turns spent on level
                    A         B        C        D         E        F      G
               +---------+---------+-------+---------+---------+-------+---------
         Total |       0 |    1355 |   0.0 |       0 |     170 |   0.0 |  8309
               +---------+---------+-------+---------+---------+-------+---------
           D:1 |       0 |      47 |   0.0 |       0 |      27 |   0.0 |  1698
           D:2 |       0 |     193 |   0.0 |       0 |      47 |   0.0 |  1740
           D:3 |       0 |      78 |   0.0 |       0 |      23 |   0.0 |  1477
           D:4 |       0 |     236 |   0.0 |       0 |      13 |   0.0 |   809
           D:5 |       0 |     337 |   0.0 |       0 |      26 |   0.0 |  1477
           D:6 |       0 |     328 |   0.0 |       0 |      10 |   0.0 |   413
         Sewer |       0 |     136 |   0.0 |       0 |      24 |   0.0 |   695
               +---------+---------+-------+---------+---------+-------+---------
